 Dungeon Crawl Stone Soup version 0.24.0-13-gcf9b319 (webtiles) character file.

Game seed: 16376054550277584927, levelgen mode: deterministic

5706 shmeve the Fighter (level 10, -4/141 HPs)
             Began as a Minotaur Berserker on Apr 13, 2020.
             Was an Elder of Trog.
             Slain by a sixfirhy (9 damage)
             ... summoned by an orc sorcerer
             ... led by an orc knight
             ... on level 1 of the Orcish Mines.
             The game lasted 00:13:35 (8829 turns).

shmeve the Fighter (Minotaur Berserker)             Turns: 8829, Time: 00:13:35

Health: -4/141     AC: 20    Str: 28    XL:     10   Next: 48%
Magic:  9/9        EV: 12    Int:  5    God:    Trog [****..]
Gold:   400        SH:  0    Dex: 11    Spells: 9/9 levels left

rFire    . . .     SeeInvis .   h - +0 battleaxe
rCold    . . .     Gourm    .   (shield currently unavailable)
rNeg     . . .     Faith    .   K - +4 chain mail
rPois    .         Spirit   .   (helmet restricted)
rElec    .         Reflect  .   A - +0 cloak
rCorr    .         Harm     .   m - +0 pair of gloves
MR       +++..                  s - +0 pair of boots
Stlth    ..........             (no amulet)
HPRegen  1.33/turn              d - +2 ring of protection
MPRegen  0.11/turn              y - ring of protection from magic

@: berserking (expiring), regenerating, very quick
A: retaliatory headbutt, horns 2
a: Berserk, Trog's Hand, Brothers in Arms, Renounce Religion


You were on level 1 of the Orcish Mines.
You worshipped Trog.
Trog was greatly pleased with you.
You were very hungry.

You visited 2 branches of the dungeon, and saw 11 of its levels.

You collected 400 gold pieces.

Inventory:

Hand Weapons
 h - a +0 battleaxe (weapon)
 I - a +0 broad axe
Missiles
 v - 6 boomerangs (quivered)
Armour
 m - a +0 pair of gloves (worn)
 s - a +0 pair of boots (worn)
 A - a +0 cloak (worn)
 K - a +4 chain mail (worn)
Jewellery
 d - a +2 ring of protection (left hand)
 y - a ring of protection from magic (right hand)
 D - an uncursed ring of poison resistance
Wands
 B - a wand of digging (5)
 J - a wand of enslavement (10)
Scrolls
 b - 2 scrolls of fear {unknown}
 f - 2 scrolls of enchant armour {unknown}
 g - 3 scrolls of teleportation {unknown}
 i - 6 scrolls of identify
 j - 6 scrolls of remove curse {unknown}
 k - a scroll of enchant weapon {unknown}
 l - 4 scrolls of fog {unknown}
 t - a scroll of blinking {unknown}
 w - 2 scrolls of immolation {unknown}
 F - a scroll of random uselessness {unknown}
Potions
 a - a potion of brilliance {unknown}
 e - 10 potions of curing {unknown}
 n - 3 potions of agility {unknown}
 o - a potion of invisibility {unknown}
 p - a potion of berserk rage {unknown}
 q - 3 potions of might {unknown}
 r - 3 potions of mutation {unknown}
 u - 2 potions of degeneration {unknown}
 x - a potion of magic {unknown}
 z - 2 potions of flight {unknown}
 C - a potion of lignification {unknown}
 E - 3 potions of resistance {unknown}
 H - a potion of cancellation {unknown}
Comestibles
 c - 25 rations
 G - a chunk of flesh


   Skills:
 * Level 10.7 Fighting
 * Level 10.6 Axes
 + Level 5.7 Throwing
 + Level 7.5 Armour
 + Level 6.9 Dodging


You had 9 spell levels left.
You didn't know any spells.
Your spell library was empty.

Dungeon Overview and Level Annotations

Branches:
Dungeon (10/15)            Temple (0/1) D:5            Lair (0/6) D:10
    Orc (1/2) D:10

Altars:
Ashenzari
Cheibriados
Elyvilon
Fedhas
Kikubaaqudgha
Trog
Uskayaw
The Shining One

Annotations:
Orc:1 Erolcha


Innate Abilities, Weirdness & Mutations

You reflexively headbutt those who attack you in melee.
You have a pair of horns on your head.


Message History

The sixfirhy is moderately wounded.
You closely miss the ynoxinul.
Your chain mail prevents you from hitting the orc warrior.
You slash the orc knight!
The sixfirhy hits you but does no damage. x2
The sixfirhy barely misses you.
An orc wizard comes into view. It is wielding a +0 dagger.
You closely miss the sixfirhy.
The sixfirhy is moderately wounded.
You closely miss the orc knight. You slash the orc!
You kill the orc!
Trog accepts your kill.
You barely miss the orc warrior. You hit the ynoxinul.
The orc sorcerer no longer looks unusually strong.
The ynoxinul disappears in a puff of smoke!
The ufetubus disappears in a puff of smoke! x2
The sixfirhy hits you.
* * * LOW HITPOINT WARNING * * *
The sixfirhy shocks you!
You die...

.#...............
............o..O.
.................
.............To..
...........$.....
.........<......$
........O........
......§)o)..##...
.....§#§@o#.# .
......o#3#o..#
......5oo§#.##
.......§o.###
...........
..........##
.........#
.........


You could see an orc knight, Erolcha, a troll, a sixfirhy, an orc sorcerer, 3
orc warriors, an ogre, an orc priest, an orc wizard and 2 orcs.

Vanquished Creatures
  Pikel (D:8)
  A manticore (D:8)
  An orc sorcerer (Orc:1)
  Psyche (D:8)
  A hippogriff (D:10)
  Sigmund (D:2)
  3 wargs (D:10)
  A water moccasin (D:10)
  2 orc warriors
  A black bear (D:4)
  A phantom (D:9)
  3 ogres
  4 slaves (D:8)
  3 ice beasts
  A centaur (D:6)
  4 big kobolds
  4 bullfrogs
  3 scorpions
  A wyvern skeleton (D:8)
  7 howler monkeys
  3 crimson imps
  4 hounds
  3 bullfrog zombies
  4 orc priests
  2 bullfrog skeletons
  7 orc wizards
  3 centaur skeletons
  Ijyb (D:4)
  3 iguanas
  8 worker ants
  2 hound zombies
  6 gnolls
  9 adders
  2 shadow imps (D:6)
  An ooze (D:2)
  An adder zombie (D:7)
  2 worms (D:2)
  2 dart slugs
  2 leopard geckos
  25 orcs
  6 bats
  A giant cockroach (D:1)
  12 hobgoblins
  2 quokkas
  7 frilled lizards
  8 goblins
  22 kobolds
  A quokka skeleton (D:4)
  8 rats
201 creatures vanquished.

Notes
Turn   | Place    | Note
-------+----------+-------------------------------------------
     0 | D:1      | shmeve the Minotaur Berserker began the quest for the Orb.
     0 | D:1      | Reached XP level 1. HP: 19/19 MP: 0/0
   504 | D:1      | Reached XP level 2. HP: 27/27 MP: 1/1
  1059 | D:2      | Reached ** piety under Trog
  1066 | D:2      | Reached XP level 3. HP: 33/33 MP: 2/2
  1265 | D:2      | Noticed Sigmund
  1270 | D:2      | Killed Sigmund
  1270 | D:2      | Reached skill level 5 in Fighting
  1270 | D:2      | Reached skill level 5 in Axes
  1270 | D:2      | Reached skill level 1 in Throwing
  1270 | D:2      | Reached XP level 4. HP: 42/42 MP: 3/3
  1270 | D:2      | Reached XP level 5. HP: 48/48 MP: 4/4
  2034 | D:3      | HP: 1/72 [gnoll/+2 whip of electrocution (15)]
  2238 | D:3      | Reached XP level 6. HP: 46/56 MP: 5/5
  2630 | D:3      | You fall into a shaft and drop 2 floors!
  2630 | D:5      | Entered Level 5 of the Dungeon
  2965 | D:4      | Noticed Ijyb
  2975 | D:4      | Killed Ijyb
  3646 | D:4      | Reached XP level 7. HP: 58/63 MP: 6/6
  4146 | D:5      | Found a blossoming altar of Fedhas.
  4176 | D:5      | Reached *** piety under Trog
  4350 | D:5      | Found a staircase to the Ecumenical Temple.
  4658 | D:6      | Reached XP level 8. HP: 73/73 MP: 7/7
  4774 | D:6      | Reached skill level 5 in Armour
  5500 | D:7      | Reached skill level 5 in Dodging
  5659 | D:7      | Found a snail-covered altar of Cheibriados.
  6234 | D:8      | Noticed Psyche
  6244 | D:8      | Reached XP level 9. HP: 82/82 MP: 8/8
  6246 | D:8      | Killed Psyche
  6246 | D:8      | Reached **** piety under Trog
  6293 | D:8      | Noticed a manticore
  6301 | D:8      | Killed a manticore
  6668 | D:8      | Noticed Pikel
  6683 | D:8      | Killed Pikel
  6683 | D:8      | Reached skill level 5 in Throwing
  7505 | D:9      | Reached XP level 10. HP: 90/93 MP: 9/9
  7509 | D:9      | Found a white marble altar of Elyvilon.
  7509 | D:9      | Found a bloodstained altar of Trog.
  7666 | D:9      | Found a shattered altar of Ashenzari.
  7666 | D:9      | Found a glowing golden altar of the Shining One.
  7728 | D:9      | Reached skill level 10 in Fighting
  7814 | D:9      | Found a hide-covered altar of Uskayaw.
  7836 | D:9      | Reached skill level 10 in Axes
  7998 | D:9      | Found an ancient bone altar of Kikubaaqudgha.
  8128 | D:10     | Entered Level 10 of the Dungeon
  8207 | D:10     | Found a staircase to the Orcish Mines.
  8455 | D:10     | Found a staircase to the Lair.
  8718 | D:10     | Reached ***** piety under Trog
  8806 | Orc:1    | Entered Level 1 of the Orcish Mines
  8806 | Orc:1    | Noticed an orc sorcerer
  8810 | Orc:1    | Noticed an orc knight
  8811 | Orc:1    | Noticed an orc sorcerer
  8816 | Orc:1    | Noticed a sixfirhy
  8824 | Orc:1    | Killed an orc sorcerer
  8827 | Orc:1    | Noticed Erolcha
  8829 | Orc:1    | HP: 5/141 [sixfirhy[an orc knight] (6)]
  8829 | Orc:1    | Slain by a sixfirhy

Levels and vault maps discovered:
D:1:      onia_arrival_pentagram, layout_loops_corners
D:2:      wad_river_or_something, layout_basic, dk_noncrumbling_3,
          nicolae_underground_beach, uniq_sigmund
D:3:      layout_loops_ring
D:4:      black_bear_nest_1, layout_basic, first_ration, uniq_ijyb
D:5:      layout_cave_pools, temple_hall, fedhas_altar_1
D:6:      minmay_general_purpose_star, layout_loops_corners
D:7:      layout_cave_pools, basic_altar
D:8:      layout_basic, blue_anna_alchemist [blue_anna_fruit_fields,
          blue_anna_fruit_fields], uniq_psyche, uniq_pikel
D:9:      layout_gridville, kennysheep_mini,
          chequers_temple_overflow_statue_of_worship,
          lemuel_coloured_pillars_altar
D:10:     layout_roguey, dpeg_oklobed_lair, minmay_orc_entry_guard_dogs
Orc:1:    layout_caves, serial_shops, shop, bloody_trog, uniq_erolcha,
          uniq_fannar

Skill      XL: |  1  2  3  4  5  6  7  8  9 10 |
---------------+-------------------------------+-----
Fighting       | 4 5 6 7 8 9 10 | 10.7
Axes           | 4 5 6 7 8 9 10 | 10.6
Throwing       | 1 2 3 4 5 |  5.7
Armour         | 3 4 5 6 7 |  7.5
Dodging        | 3 4 5 6 |  6.9

Action                   |  1- 3 |  4- 6 |  7- 9 | 10-12 || total
-------------------------+-------+-------+-------+-------++-------
Melee: Hand axe          |    52 |   109 |   277 |       ||   438
       Headbutt          |    11 |    23 |    70 |    19 ||   123
       Broad axe         |       |       |       |    63 ||    63
       Battleaxe         |       |       |       |    26 ||    26
Throw: Boomerang         |       |       |    45 |     8 ||    53
Invok: Berserk           |     1 |     1 |     3 |     1 ||     6
       Trog's Hand       |       |     1 |       |     1 ||     2
  Use: Scroll            |       |     2 |     3 |       ||     5
  Eat: Chunk             |     1 |     9 |    16 |     4 ||    30
Armor: Quicksilver drago |    30 |    59 |   118 |     8 ||   215
       Animal skin       |     1 |       |       |       ||     1
       Chain mail        |       |       |       |    51 ||    51
Dodge: Dodged            |    42 |    56 |   174 |    61 ||   333
